 Dungeon Crawl Stone Soup version 0.31-a0-810-ga77100ea1a (webtiles) character file.

Game seed: 17159565029861363416

3769 CowFu the Basher (level 9, -8/75 HPs)
             Began as a Minotaur Fighter on Sept 22, 2023.
             Was an Initiate of the Shining One.
             Mangled by a cyclops (14 damage)
             ... on level 7 of the Dungeon.
             The game lasted 00:07:41 (6033 turns).

CowFu the Basher (Minotaur Fighter)                 Turns: 6033, Time: 00:07:42

Health: -8/75      AC: 11    Str: 25    XL:     9   Next: 94%
Magic:  8/8        EV: 10    Int:  5    God:    the Shining One [......]
Gold:   269        SH:  5    Dex: 10    Spells: 8/8 levels left

rFire   . . .        b - +4 flail (freeze)
rCold   . . .        c - +0 buckler
rNeg    . . .        y - +0 chain mail
rPois   +            (helmet restricted)
rElec   .            r - +0 cloak
rCorr   .            (no gloves)
SInv    +            (no boots)
Will    .....        d - amulet of magic regeneration Stlth
                     o - ring of see invisible
HPRegen 0.32/turn    j - ring of poison resistance
MPRegen 0.51/turn

%: no passive effects
@: glowing
A: horns 2, retaliatory headbutt
a: Renounce Religion


You were on level 7 of the Dungeon.
You worshipped the Shining One.
The Shining One was noncommittal.
You visited 2 branches of the dungeon, and saw 9 of its levels.

You collected 269 gold pieces.

Inventory:

Hand Weapons
 a - a +4 flail of protection
 b - a +4 flail of freezing (weapon)
Armour
 c - a +0 buckler (worn)
 r - a +0 cloak (worn)
 y - a +0 chain mail (worn)
Jewellery
 d - an amulet of magic regeneration (around neck)
 e - a ring of protection from cold
 j - a ring of poison resistance (right hand)
 n - a ring of protection from fire
 o - a ring of see invisible (left hand)
Wands
 x - a wand of flame (10)
 C - a wand of digging (4)
Scrolls
 f - 2 scrolls of torment {unknown}
 l - 2 scrolls of immolation {unknown}
 m - a scroll of fear {unknown}
 p - a scroll of blinking {unknown}
 s - 2 scrolls of enchant weapon {unknown}
 t - 2 scrolls of fog {unknown}
 v - 2 scrolls of amnesia {unknown}
 z - a scroll of summoning {unknown}
 A - a scroll of vulnerability {unknown}
 D - a scroll of identify
Potions
 g - 2 potions of cancellation {unknown}
 h - 2 potions of lignification
 i - 3 potions of curing
 k - 2 potions of magic
 q - 2 potions of degeneration {unknown}
 u - a potion of ambrosia {unknown}
 w - 2 potions of mutation {unknown}
 B - 2 potions of brilliance {unknown}


   Skills:
 - Level 6.0 Fighting
 - Level 14.0 Maces & Flails
 - Level 6.0 Armour
 + Level 4.6 Dodging
 - Level 6.0 Shields


You had 8 spell levels left.
You didn't know any spells.
Your spell library contained the following spells:

 Spells                   Type           Power      Damage    Failure   Level
 Magic Dart               Conj           0%         1d3       96%         1
 Sting                    Tmut/Pois      0%         1d3       96%         1
 Call Imp                 Summ           0%         N/A       99%         2
 Lesser Beckoning         Tloc           0%         N/A       99%         2
 Poisonous Vapours        Pois/Air       0%         N/A       99%         2
 Sublimation of Blood     Necr           0%         N/A       99%         2
 Wereblood                Tmut           0%         N/A       99%         2
 Gell's Gravitas          Tloc           0%         N/A       100%        3
 Mephitic Cloud           Conj/Pois/Air  0%         N/A       100%        3
 Teleport Other           Tloc           0%         N/A       100%        3
 Olgreb's Toxic Radiance  Pois           0%         N/A       100%        4
 Summon Hydra             Summ           0%         N/A       100%        7


Dungeon Overview and Level Annotations

Branches:
Dungeon (8/15)             Temple (1/1) D:7
   Lair: D:8-11

Altars:
Cheibriados
Dithmenos
Fedhas
Hepliaklqana
Makhleb
Nemelex Xobeh
Qazlal
Ru
Sif Muna
Trog
Vehumet
Wu Jian
Xom
Yredelemnul
The Shining One

Shops:
D:3 [

Portals:
Abyss: D:4

Annotations:
D:2 Natasha
D:4 2 transporters, osoart's ghost, amateur MiSh


Innate Abilities, Weirdness & Mutations

You have a pair of horns on your head.
You reflexively headbutt those who attack you in melee.


Message History

A cyclops comes into view.
You completely miss the manticore.
The manticore is severely wounded.
The cyclops shouts!
The manticore bites you but does no damage.
The manticore claws you. x2
You barely miss the manticore.
The manticore is severely wounded.
The cyclops throws a large rock.
The large rock hits you!
You block the manticore's attack. x2; The manticore claws you!
You are too injured to fight recklessly!
You are too injured to fight recklessly!
You are too injured to fight recklessly!
Okay, then.
You sock the manticore! You freeze the manticore.
The manticore is almost dead.
The manticore bites you but does no damage.
The manticore closely misses you.
The manticore claws you but does no damage.
You bludgeon the manticore!! You freeze the manticore.
You kill the manticore!
Training target 6.0 for Shields reached!
Training target 6.0 for Armour reached!
Training target 6.0 for Fighting reached!
Your Fighting skill increases to level 6!
Your Armour skill increases to level 6!
Your Dodging skill increases to level 4!
Your Shields skill increases to level 6!
You hit the cyclops. You freeze the cyclops.
The cyclops is lightly wounded.
You sock the cyclops! You freeze the cyclops. You headbutt the cyclops.
The cyclops is moderately wounded.
The cyclops hits you!!
* * * LOW HITPOINT WARNING * * *
You hear two shouts!
You feel better. The troll barely misses you. The troll misses you.
The troll claws you.
* * * LOW HITPOINT WARNING * * *
The cyclops hits you!
You die...

##..#######..................
#.........#.......##.........
###..#.......##..[##.#.......
##..............[[#.##......
####........#####.....[.#......
##...........# ###...(.>......
#............# .#.(..(.......
#............####..#..#.........
#......#....##.@.###.##........#
####...........CT#..###.###...##
#..........#...#####...#.._..#
##..........####C.#.....#.....#
##...........# ..#[#...#######
#............# ###[#......##..
###......#...######.#......##...
##.#...####.#......).##......#.##
#...#...#####..................##


You could see 2 cyclopes and a troll.

Vanquished Creatures
  A manticore (D:7)
  Eustachio (D:4)
  A steam dragon (D:6)
  Menkaure (D:7)
  Edmund (D:6)
  2 water moccasins
  2 black bears
  An ice beast (D:5)
  An orc warrior (D:7)
  2 ogres
  A centaur (D:7)
  A phantom (D:6)
  2 bullfrogs
  A kobold brigand (D:8)
  4 scorpions
  9 wights (D:7)
  6 killer bees (D:6)
  4 orc priests
  5 hounds
  A jelly (D:7)
  2 iguanas
  Ijyb (D:4)
  Terence (D:2)
  3 sleepcaps
  4 orc wizards
  Natasha (D:2)
  Robin (D:2)
  7 gnolls (D:4)
  4 adders
  A shadow imp (D:6)
  A white imp (D:7)
  2 ufetubi
  3 dart slugs
  11 orcs
  2 ball pythons
  3 endoplasms
  2 giant cockroaches
  12 goblins
  8 hobgoblins
  2 jackals (D:3)
  9 kobolds
  3 quokkas
  4 bats
  2 frilled lizards (D:1)
  2 rats
138 creatures vanquished.

Notes
Turn   | Place    | Note
-------+----------+-------------------------------------------
     0 | D:1      | CowFu the Minotaur Fighter began the quest for the Orb.
     0 | D:1      | Reached XP level 1. HP: 19/19 MP: 0/0
    77 | D:1      | Reached skill level 3 in Maces & Flails
   121 | D:1      | Reached XP level 2. HP: 25/26 MP: 1/1
   761 | D:2      | Reached skill level 4 in Maces & Flails
   871 | D:2      | Noticed Robin
   877 | D:2      | Killed Robin
   878 | D:2      | Reached XP level 3. HP: 24/31 MP: 2/2
   916 | D:2      | Noticed Natasha
   921 | D:2      | Killed Natasha
   922 | D:2      | Reached skill level 5 in Maces & Flails
   922 | D:2      | Reached XP level 4. HP: 32/39 MP: 3/3
   961 | D:2      | Noticed Terence
   969 | D:2      | Killed Terence
  1014 | D:2      | Noticed Natasha
  1407 | D:3      | Found Rogoum's Antique Armour Boutique.
  1421 | D:3      | Found an ornate altar of the Wu Jian Council.
  2029 | D:4      | Found a radiant altar of Vehumet.
  2041 | D:4      | Noticed a scorpion
  2045 | D:4      | Killed a scorpion
  2046 | D:4      | Reached skill level 6 in Maces & Flails
  2046 | D:4      | Reached XP level 5. HP: 39/45 MP: 4/4
  2086 | D:4      | Noticed a black bear
  2094 | D:4      | Reached skill level 7 in Maces & Flails
  2097 | D:4      | Killed a black bear
  2098 | D:4      | Reached XP level 6. HP: 38/51 MP: 5/5
  2100 | D:4      | Reached skill level 8 in Maces & Flails
  2459 | D:4      | Found a transporter.
  2475 | D:4      | Found a transporter.
  2480 | D:4      | Found a one-way gate to the infinite horrors of the Abyss.
  2480 | D:4      | Noticed osoart's ghost (amateur MiSh)
  2487 | D:4      | Noticed Eustachio
  2502 | D:4      | Killed Eustachio
  2503 | D:4      | Reached skill level 9 in Maces & Flails
  2503 | D:4      | Reached XP level 7. HP: 46/57 MP: 6/6
  3138 | D:4      | Reached skill level 10 in Maces & Flails
  3172 | D:4      | Noticed Ijyb
  3175 | D:4      | Killed Ijyb
  3330 | D:5      | Entered Level 5 of the Dungeon
  3351 | D:5      | Found a shadowy altar of Dithmenos.
  3565 | D:5      | Reached skill level 11 in Maces & Flails
  3632 | D:5      | Reached XP level 8. HP: 55/64 MP: 7/7
  3736 | D:5      | Reached skill level 12 in Maces & Flails
  4124 | D:6      | Reached skill level 13 in Maces & Flails
  4314 | D:6      | Noticed Edmund
  4342 | D:6      | Killed Edmund
  4528 | D:6      | Found a stormy altar of Qazlal.
  4562 | D:6      | Reached skill level 14 in Maces & Flails
  4562 | D:6      | Reached XP level 9. HP: 45/71 MP: 8/8
  4702 | D:6      | Reached skill level 1 in Dodging
  4946 | D:7      | Noticed Menkaure
  5144 | D:7      | Killed Menkaure
  5221 | D:7      | Reached skill level 5 in Fighting
  5221 | D:7      | Reached skill level 5 in Armour
  5221 | D:7      | Reached skill level 5 in Shields
  5426 | D:7      | Found a sparkling altar of Nemelex Xobeh.
  5763 | D:7      | Found a staircase to the Ecumenical Temple.
  5906 | Temple   | Entered the Ecumenical Temple
  5912 | Temple   | Became a worshipper of the Shining One
  6023 | D:7      | Noticed a cyclops
  6023 | D:7      | Noticed a manticore
  6024 | D:7      | Noticed a troll
  6026 | D:7      | Noticed a cyclops
  6030 | D:7      | Killed a manticore
  6032 | D:7      | HP: 2/75 [cyclops (26)]
  6033 | D:7      | Mangled by a cyclops

Illustrated notes

Levels and vault maps discovered:
D:1:      lightli_arrival_lavapool, layout_loops_ring, kennysheep_boxes
D:2:      layout_rooms, uniq_natasha, uniq_robin, uniq_terence
D:3:      layout_basic, mainiacjoe_overflow_tiny_flanked, serial_shops,
          nicolae_shop_advertising_works [nicolae_subvault_shop_adworks],
          serial_glass, glass_columns_a, glass_columns_a, glass_columns_b,
          glass_columns_a
D:4:      layout_gridville, fiery_altar_vehumet, gammafunk_ghost_abyssal_escape,
          uniq_ijyb, uniq_eustachio
D:5:      layout_loops_ring, nicolae_dithmenos_the_darkroom, grunt_decor_clamped
D:6:      layout_gridville, nicolae_qazlal_general_emergency, uniq_edmund
D:7:      minmay_blocky_corners, layout_cave_pools,
          mainiacjoe_overflow_alcove_1, minmay_temple_entry_nine_rooms,
          uniq_menkaure
D:8:      layout_basic, overflow_temple_1_default, biasface_ghost_orc_armoury,
          grunt_decor_fettered, st_stairs_4, hangedman_incinerator
Temple:   hellmonk_temple_rainy

Skill      XL: |  1  2  3  4  5  6  7  8  9 |
---------------+----------------------------+-----
Maces & Flails | 3 4 5 6 7 9 11 14 | 14.0
Armour         | 6 |  6.0
Dodging        | 4 |  4.6
Shields        | 6 |  6.0
Fighting       | 6 |  6.0

Action                     |  1- 3 |  4- 6 |  7- 9 || total
---------------------------+-------+-------+-------++-------
  Melee: Flail             |    51 |    82 |   270 ||   403
         Headbutt          |    13 |     9 |    58 ||    80
    Use: Potion            |       |     1 |     5 ||     6
         Scroll            |       |       |     5 ||     5
 Armour: Scale mail        |    33 |    72 |    24 ||   129
         Chain mail        |       |       |   144 ||   144
  Dodge: Dodged            |    23 |    44 |    97 ||   164
  Block: Buckler           |    12 |    21 |    57 ||    90

Table legend: (Time is in decaauts)
 A = Elapsed time spent in this place.
 B = Non-inter-level travel time spent in this place.
 C = Inter-level travel time spent in this place.
 D = Time resting spent in this place.
 E = Time spent auto-exploring this place.
 F = Levels seen in this place.
 G = Mean time per level.
                   A        B        C        D        E       F      G
               +--------+--------+--------+--------+--------+-----+--------+
         Total |   6002 |   5766 |    236 |      0 |   4789 |   9 |  666.9 |
       Dungeon |   5989 |   5758 |    231 |      0 |   4789 |   8 |  748.6 |
        Temple |     12 |      7 |      5 |      0 |      0 |   1 |   12.0 |
               +--------+--------+--------+--------+--------+-----+--------+

Top non-repeatable levels by time:
     D:4: 1301 daAuts
     D:6: 1021 daAuts
     D:7: 893 daAuts
     D:3: 745 daAuts
     D:1: 725 daAuts
     D:5: 724 daAuts
     D:2: 571 daAuts
  Temple: 12 daAuts
     D:8: 6 daAuts
